 Dungeon Crawl Stone Soup version 0.30-a0-722-g3e6e8c874d (webtiles) character file.

Game seed: 15709412731290999188

4 hbarley the Chiller (level 1, 0/14 HPs)
             Began as a Ghoul Wanderer on Jan 28, 2023.
             Slain by a kobold
             ... wielding a +0 dagger
              (2 damage)
             ... on level 1 of the Dungeon.
             The game lasted 00:00:52 (123 turns).

hbarley the Chiller (Ghoul Wanderer)                 Turns: 123, Time: 00:00:53

Health: 0/14       AC:  4    Str: 17    XL:     1   Next: 70%
Magic:  3/3        EV: 11    Int:  7    God:
Gold:   12         SH:  0    Dex:  6    Spells: 4/5 levels left

rFire   . . .      SeeInvis .    (no weapon)
rCold   + . .      Faith    .    (no shield)
rNeg    + + +      Spirit   .    d - +0 leather armour
rPois   ∞          Reflect  .    (no helmet)
rElec   .          Harm     .    (no cloak)
rCorr   .          Rampage  .    (no gloves)
Will    .....                    b - +0 pair of boots
Stlth   +                        (no amulet)
HPRegen 0.00/turn                (no ring)
MPRegen 0.08/turn                (no ring)

@: inhibited regen
A: claws 1, cold resistance 1, negative energy resistance 3, inhibited
regeneration, torment resistance 2, devour on kill
a: no special abilities


You were on level 1 of the Dungeon.
You visited 1 branch of the dungeon, and saw 1 of its levels.

You collected 12 gold pieces.

Inventory:

Hand Weapons
 a - a +0 mace
Armour
 b - a +0 pair of boots (worn)
 d - a +0 leather armour (worn)
Scrolls
 c - a scroll of teleportation


   Skills:
 + Level 1.1 Maces & Flails
 + Level 1.0 Dodging
 + Level 1.1 Stealth
 + Level 2.6 Spellcasting
 + Level 4.6 Ice Magic


You had 4 spell levels left.
You knew the following spells:

 Your Spells              Type           Power      Damage    Failure   Level
a - Freeze                Ice            28%        1d5       7%          1

Your spell library contained the following spells:

 Spells                   Type           Power      Damage    Failure   Level
 Frozen Ramparts          Ice            14%        1d3       21%         3
 Ozocubu's Armour         Ice            7%         N/A       21%         3


Dungeon Overview and Level Annotations

Branches:
Dungeon (1/15)

Altars:


Innate Abilities, Weirdness & Mutations

You are immune to poison.
You have sharp fingernails.
Your flesh is cold resistant. (rC+)
You are immune to negative energy. (rN+++)
You do not regenerate when monsters are visible.
You are immune to unholy pain and torment.
You thrive by killing the living.


Message History

A kobold comes into view. It is wielding a +0 dagger.
Found a scroll labelled QIAFUM BUANOMO, a brown potion and 2 poisoned darts.
The kobold shouts!
A quokka comes into view.
A giant cockroach comes into view.
The frilled lizard bites you but does no damage.
The frilled lizard barely misses you.
Really attack while wielding nothing? [Y]es or [N]o only, please.
Really attack while wielding nothing? [Y]es or [N]o only, please.
Really attack while wielding nothing? [Y]es or [N]o only, please.
Really attack while wielding nothing? [Y]es or [N]o only, please.
Really attack while wielding nothing?
You miss the frilled lizard. The kobold completely misses you.
The frilled lizard closely misses you.
You barely miss the frilled lizard. The giant cockroach closely misses you.
The frilled lizard barely misses you. The kobold hits you with a +0 dagger.
You barely miss the frilled lizard. The giant cockroach closely misses you.
The frilled lizard bites you. The kobold hits you but does no damage.
You barely miss the frilled lizard. The giant cockroach misses you.
The frilled lizard misses you. The kobold hits you but does no damage.
You completely miss the frilled lizard. The giant cockroach bites you.
The kobold hits you with a +0 dagger. The frilled lizard misses you.
The giant cockroach closely misses you.
You scratch the frilled lizard but do no damage.
The kobold hits you but does no damage. The frilled lizard bites you.
* * * LOW HITPOINT WARNING * * *
The giant cockroach bites you.
* * * LOW HITPOINT WARNING * * *
You scratch the frilled lizard.
You kill the frilled lizard!
The giant cockroach misses you. The kobold hits you but does no damage.
You scratch the giant cockroach.
The giant cockroach is severely wounded.
The giant cockroach bites you but does no damage.
The kobold hits you with a +0 dagger.
You die...

#.# #.# #..# #.#
#+# #... r #.#
#.# #..#. # #.##
#.# #..#!##. #
...# #.# #...#.?
.. #######.#
#..#r##.#.#
##...##.#
#.K.......#
.#.#.##.##
#..@B.....#
.#.#.....#
#.#########
.#†####..# #.#
...####..# #.#
..>......#####.#
.#.#####.......#
.#.# #########
##.# #.#


You could see a quokka, a giant cockroach and a kobold.

Vanquished Creatures
  A goblin (D:1)
  2 hobgoblins (D:1)
  A frilled lizard (D:1)
4 creatures vanquished.

Notes
Turn   | Place    | Note
-------+----------+-------------------------------------------
     0 | D:1      | hbarley the Ghoul Wanderer began the quest for the Orb.
     0 | D:1      | hbarley set off with the following items: a +0 mace, a +0
                  | pair of boots, a scroll of teleportation, a +0 leather
                  | armour; and the following spell memorised: Freeze; and the
                  | following spells available to memorise: Frozen Ramparts,
                  | Ozocubu's Armour.
     0 | D:1      | Reached XP level 1. HP: 14/14 MP: 3/3
   123 | D:1      | Slain by a kobold

Illustrated notes

Levels and vault maps discovered:
D:1:      zaba_arrival_water, layout_basic, minmay_small_reverse_x

Action                     || total
---------------------------++-------
  Melee: Unarmed           ||     8
         Mace              ||     7
 Armour: Leather armour    ||     8
  Dodge: Dodged            ||    15

Table legend: (Time is in decaauts)
 A = Elapsed time spent in this place.
 B = Non-inter-level travel time spent in this place.
 C = Inter-level travel time spent in this place.
 D = Time resting spent in this place.
 E = Time spent auto-exploring this place.
 F = Levels seen in this place.
 G = Mean time per level.
                   A        B        C        D        E       F      G
               +--------+--------+--------+--------+--------+-----+--------+
         Total |    131 |    126 |      5 |      0 |     91 |   1 |  131.0 |
       Dungeon |    131 |    126 |      5 |      0 |     91 |   1 |  131.0 |
               +--------+--------+--------+--------+--------+-----+--------+

Top non-repeatable levels by time:
     D:1: 131 daAuts
